 Dungeon Crawl Stone Soup version 0.30-b1-2-g02819fbbbe (webtiles) character file.

Game seed: 6024058205085057813

3647 Gazerockf the Basher (level 9, -1/83 HPs)
             Began as a Minotaur Fighter on June 4, 2023.
             Was an Initiate of Hepliaklqana.
             Killed by divine providence
             ... invoked by an orc priest
              (11 damage)
             ... on level 8 of the Dungeon.
             The game lasted 00:23:00 (7589 turns).

Gazerockf the Basher (Minotaur Fighter)             Turns: 7589, Time: 00:23:00

Health: -1/83      AC: 12    Str: 29    XL:     9   Next: 88%
Magic:  0/8        EV:  8    Int:  5    God:    Hepliaklqana [......]
Gold:   490        SH: 11    Dex: 14    Spells: 8/8 levels left

rFire   . . .        u - +3 flail (heavy)
rCold   + . .        d - +0 kite shield
rNeg    + . .        w - +1 chain mail {rN+}
rPois   .            (helmet restricted)
rElec   .            (no cloak)
rCorr   .            (no gloves)
SInv    .            (no boots)
Will    +....        e - amulet of guardian spirit Stlth
                     g - ring of willpower
HPRegen 0.33/turn    B - ring of Piuwn {rC+ Str+6 Dex+2 Slay-2}
MPRegen 0.11/turn

%: guardian spirit
@: about to teleport
A: horns 2, retaliatory headbutt
a: Renounce Religion


You were on level 8 of the Dungeon.
You worshipped Hepliaklqana.
Hepliaklqana was noncommittal.
You visited 2 branches of the dungeon, and saw 9 of its levels.
You also visited: Ossuary.

You collected 490 gold pieces.

Inventory:

Hand Weapons
 a - a +0 flail
 u - a +3 heavy flail (weapon)
 z - a +0 giant spiked club
 G - a +2 dire flail
Armour
 b - a +0 scale mail
 c - a +0 buckler
 d - a +0 kite shield (worn)
 j - a +0 plate armour
 w - a +1 chain mail of positive energy (worn)
Jewellery
 e - an amulet of guardian spirit (around neck)
 g - a ring of willpower (left hand)
 h - a ring of protection from cold
 n - a ring of flight
 B - the ring of Piuwn (right hand) {rC+ Str+6 Dex+2 Slay-2}
   (You took it off a gnoll on level 5 of the Dungeon)

   [ring of protection from cold]

   Str:       It affects your strength (+6).
   Dex:       It affects your dexterity (+2).
   Slay:      It affects your accuracy & damage with ranged weapons and melee
   (-2).
   rC:        It protects you from cold.
 C - a ring of resist corrosion
Scrolls
 l - a scroll of vulnerability
 m - a scroll of teleportation
 s - a scroll of immolation
 t - a scroll of butterflies
 y - a scroll of enchant armour {unknown}
Potions
 f - 3 potions of flight
 i - 2 potions of curing
 k - 4 potions of lignification
 o - 5 potions of heal wounds {unknown}
 p - 3 potions of resistance {unknown}
 q - 3 potions of brilliance {unknown}
 r - 2 potions of attraction {unknown}
 v - a potion of cancellation {unknown}
 x - a potion of haste
 A - 4 potions of mutation {unknown}
 D - 2 potions of magic {unknown}
 E - a potion of invisibility {unknown}
 F - a potion of berserk rage {unknown}


   Skills:
 + Level 9.3 Fighting
 + Level 9.3 Maces & Flails
 + Level 9.2 Armour
 + Level 8.9 Shields


You had 8 spell levels left.
You didn't know any spells.
Your spell library contained the following spells:

 Spells                   Type           Power      Damage    Failure   Level
 Static Discharge         Conj/Air       0%         2-2/arc   99%         2
 Sublimation of Blood     Necr           0%         N/A       99%         2
 Wereblood                Tmut           0%         N/A       99%         2
 Airstrike                Air            0%         2d(0-16)  100%        4
 Summon Lightning Spire   Summ/Air       0%         N/A       100%        4
 Summon Hydra             Summ           0%         N/A       100%        7


Dungeon Overview and Level Annotations

Branches:
Dungeon (8/15)             Temple (1/1) D:7         Ossuary (visited)
   Lair: D:8-11

Altars:
Ashenzari
Cheibriados
Dithmenos
Elyvilon
Fedhas
Gozag
Hepliaklqana
Kikubaaqudgha
Makhleb
Nemelex Xobeh
Okawaru
Qazlal
Ru
Sif Muna
Trog
Uskayaw
Wu Jian
Xom
Yredelemnul
Zin

Shops:
D:1 *(*[*   D:2 *   D:4 :

Annotations:
D:8 Maggie


Innate Abilities, Weirdness & Mutations

You have a pair of horns on your head.
You reflexively headbutt those who attack you in melee.


Message History

The orc warrior is almost dead.
The orc priest invokes the aid of Beogh against you.
Beogh smites you!
The orc warrior hits you but does no damage.
The orc priest mumbles some strange prayers to Beogh against you.
Beogh smites you!
* * * LOW HITPOINT WARNING * * *
You block the orc warrior's attack.
You feel better.
The orc warrior hits you with a +2 mace of protection!
* * * LOW HITPOINT WARNING * * *
You hit the orc warrior but do no damage.
You headbutt the orc warrior.
You kill the orc warrior!
The orc priest calls down the wrath of Beogh upon you.
Beogh smites you!
* * * LOW HITPOINT WARNING * * *
You hit the orc. You headbutt the orc.
You kill the orc!
The orc priest looks encouraged for a moment. x2
Okay, then.
As you read the scroll of teleportation, it crumbles to dust.
You feel strangely unstable. The orc hits you but does no damage.
The orc throws a poisoned dart.
The poisoned dart hits you!
You are poisoned.
You feel sick.
You feel sick.
Your surroundings flicker for a moment.
You feel sick.
Things that are here:
a +0 hand axe; a +0 robe You feel sick.
The orc throws a poisoned dart.
You block the poisoned dart.
You feel sick.
The orc throws a poisoned dart.
You block the poisoned dart.
You feel sick.
You are no longer poisoned.
As you read the scroll of teleportation, it crumbles to dust.
You feel strangely unstable.
The orc priest looks satisfied for a moment.
The orc priest calls down the wrath of Beogh upon you.
Beogh smites you!
You die...

#o.##. #.....
#...# #####.#
##########.o.).#
#.......#..#####
# #....o..oo## #
#.......### #
#.@.....#
########
#.......#
#.....##
#########
#.....##
#.....##
#?....#.
#.......
#.......
#.....##
#.....##


You could see 2 orc priests and an orc.

Vanquished Creatures
  Pikel (D:4)
  A wyvern (D:8)
  A water moccasin (D:7)
  2 ice beasts
  5 orc warriors
  2 sky beasts
  2 ogres
  A centaur (D:5)
  A phantom (D:5)
  A lemure (D:4)
  A kobold brigand (D:8)
  2 bullfrogs (D:5)
  3 scorpions
  3 water moccasin zombies (Ossuary)
  3 gnoll sergeants
  3 wights (D:8)
  A howler monkey (D:5)
  2 hounds
  4 orc priests
  2 jellies
  2 iguanas (D:5)
  A sleepcap (D:8)
  3 orc wizards
  2 mummies (Ossuary)
  22 gnolls
  10 adders
  A shadow imp (D:4)
  2 white imps
  An ufetubus (D:4)
  7 adder zombies (Ossuary)
  A worm (D:2)
  2 dart slugs (D:4)
  17 orcs
  2 bats (D:1)
  6 endoplasms
  2 giant cockroaches (D:1)
  11 goblins
  6 hobgoblins
  3 jackals (D:2)
  6 quokkas
  5 ball pythons
  4 frilled lizards
  5 gnoll zombies (Ossuary)
  A goblin zombie (D:6)
  6 hobgoblin zombies (Ossuary)
  12 kobolds
  5 kobold zombies (Ossuary)
  5 orc zombies (Ossuary)
  A quokka zombie (D:6)
  4 rats
  A spectral orc (D:3)
197 creatures vanquished.

Notes
Turn   | Place    | Note
-------+----------+-------------------------------------------
     0 | D:1      | Gazerockf the Minotaur Fighter began the quest for the Orb.
     0 | D:1      | Reached XP level 1. HP: 19/19 MP: 0/0
   110 | D:1      | Reached XP level 2. HP: 26/27 MP: 1/1
   177 | D:1      | Found Ohuaciav's General Store.
   238 | D:1      | Found Qirisoaf's Assorted Antiques.
   435 | D:1      | Found Tobudew's Antique Armour Shoppe.
   523 | D:1      | Found Unyeduts's Assorted Antiques.
   618 | D:1      | Found Cunialu's Antique Weapon Shop.
   826 | D:2      | Reached XP level 3. HP: 33/33 MP: 2/2
   982 | D:2      | Found Unakuagid's Assorted Antiques.
  1504 | D:3      | Reached XP level 4. HP: 41/41 MP: 3/3
  1736 | D:3      | Found a faded altar of an unknown god.
  1789 | D:3      | You fall into a shaft and drop 1 floor!
  1801 | D:4      | Noticed an ice beast
  1811 | D:3      | Killed an ice beast
  1812 | D:3      | Reached XP level 5. HP: 33/47 MP: 4/4
  1904 | D:3      | Found a basalt altar of Yredelemnul.
  2362 | D:3      | Reached skill level 5 in Armour
  2405 | D:3      | Reached skill level 5 in Fighting
  2405 | D:3      | Reached skill level 5 in Maces & Flails
  2405 | D:3      | Reached XP level 6. HP: 18/56 MP: 2/5
  2870 | D:4      | Found a large runed translucent door.
  2871 | D:4      | Found a large runed translucent door.
  3058 | D:4      | Noticed Pikel
  3072 | D:4      | Killed Pikel
  3073 | D:4      | Reached skill level 5 in Shields
  3073 | D:4      | Reached XP level 7. HP: 61/64 MP: 6/6
  3252 | D:4      | Reached XP level 8. HP: 57/71 MP: 7/7
  3313 | D:4      | Found Renuegit's Self-Improvement Boutique.
  3657 | D:4      | Found a white marble altar of Elyvilon.
  3666 | D:4      | Found a sparkling altar of Nemelex Xobeh.
  3736 | D:5      | Entered Level 5 of the Dungeon
  4367 | D:5      | Identified the ring of Piuwn {rC+ Str+6 Dex+2 Slay-2}
  4753 | D:5      | Reached XP level 9. HP: 38/81 MP: 5/8
  5296 | D:6      | Found a burning altar of Makhleb.
  5453 | D:6      | Found a sand-covered staircase.
  5460 | Ossuary  | Entered an ossuary
  5938 | D:6      | Found a shadowy altar of Dithmenos.
  6110 | D:7      | Found a staircase to the Ecumenical Temple.
  6125 | Temple   | Entered the Ecumenical Temple
  6151 | Temple   | Became a worshipper of Hepliaklqana the Forgotten
  6762 | D:7      | Found an ancient bone altar of Kikubaaqudgha.
  7214 | D:8      | Noticed Maggie
  7589 | D:8      | Killed from afar by an orc priest

Illustrated notes

Levels and vault maps discovered:
D:1:      tarquinn_simple_flora_water_a, layout_loops_ring, serial_shops, shop,
          shop, shop, shop_statue, nicolae_shop_real_fake_doors,
          minmay_tromino_i4
D:2:      layout_loops_cross, serial_shops, shop
D:3:      layout_loops_ring, yredelemnul_forgotten_temple_becter,
          shapermc_ecumenical_altar_ellora
D:4:      layout_cave_pods, jmf_multi_god_temple2, nicolae_shop_self_help,
          uniq_pikel
D:5:      layout_basic
D:6:      layout_loops_ring, mainiacjoe_overflow_boulevard,
          general_overflow_altar, enter_ossuary_4
D:7:      layout_loops_ring, lemuel_doored_altar, minmay_temple_entry_large_hall
D:8:      layout_rooms, vehumet_crystals, uniq_maggie
Temple:   nicolae_temple_bog_church

Skill      XL: |  1  2  3  4  5  6  7  8  9 |
---------------+----------------------------+-----
Fighting       | 4 5 6 7 9 |  9.3
Armour         | 4 5 6 7 9 |  9.2
Shields        | 4 5 7 8 |  8.9
Maces & Flails | 3 4 5 6 8 9 |  9.3

Action                     |  1- 3 |  4- 6 |  7- 9 || total
---------------------------+-------+-------+-------++-------
  Melee: Flail             |    82 |    95 |   279 ||   456
         Headbutt          |    12 |    21 |    55 ||    88
    Use: Scroll            |     1 |       |    15 ||    16
         Potion            |       |     1 |     3 ||     4
 Armour: Scale mail        |     9 |       |       ||     9
         Plate armour      |    32 |    57 |    98 ||   187
         Chain mail        |       |       |    41 ||    41
  Dodge: Dodged            |    30 |    20 |    86 ||   136
  Block: Buckler           |    14 |    11 |       ||    25
         Kite shield       |       |    25 |   167 ||   192
